AoeStats
← aal4493

Glade

512877458Analyzed
1v1 RM · 26d ago on Oct 11, 2026· 50m 10s· 2 players
Game mode
Random Map
Map size
Tiny (2 player)
Population
200
Speed
Normal
Resources
Standard
Victory
Conquest
Starting age
Dark Age
Ending age
Imperial Age
RankedLock teamsTeams togetherTeam positionsShared explorationLock speedFull tech treeHidden civsTurbo modeCheats
Victory
Defeat
🇮🇳 Magyars · India
226
+7
vs
🇨🇦 Vietnamese · Canada
15
-7
MayFlowers14
4:23 Loom
10:58 Feudal Age
12:44 Double-Bit Axe
17:31 Man-at-Arms
22:11 Wheelbarrow
22:27 Scale Mail Armor
28:15 Forging
32:21 Castle Age
32:21 Scale Barding Armor
32:17 Padded Archer Armor
32:59 Town Watch
33:49 Fletching
35:47 Long Swordsman
38:28 Crossbowman
38:29 Elite Skirmisher
48:37 Imperial Age
48:28 Thumb Ring
50:37 Leather Archer Armor
aal4493
10:20 Feudal Age
10:48 Man-at-Arms
12:34 Town Watch
18:03 Wheelbarrow
17:41 Double-Bit Axe
17:38 Horse Collar
18:55 Arson
19:17 Scale Mail Armor
23:24 Bloodlines
25:32 Castle Age
25:47 Gold Mining
25:35 Long Swordsman
28:10 Chain Mail Armor
28:36 Stone Mining
28:49 Heavy Plow
29:01 Bow Saw
29:44 Hand Cart
32:00 Husbandry
32:47 Town Patrol
33:50 Gold Shaft Mining
36:13 Corvinian Army
37:46 Elite Skirmisher
38:32 Thumb Ring
42:51 Imperial Age
40:10 Loom
40:35 Scale Barding Armor
44:13 Hoardings
43:59 Conscription
43:49 Murder Holes
44:55 Chemistry
44:27 Ballistics
44:33 Chain Barding Armor
45:56 Elite Magyar Huszar
46:34 Cavalier
46:42 Cavalier
49:00 Plate Barding Armor
48:00 Onager
51:12 Chemistry
Connection lost

Rejoining the realm…

Still unreachable

The connection could not be restored.

Session expired

The server has moved on; the page needs a fresh start.